AoeStats
← rod_serling

Golden Pit

509672549Analyzed
1v1 RM · 5d ago on Sep 27, 2026· 26m 5s· 2 players
Game mode
Random Map
Map size
Tiny (2 player)
Population
200
Speed
Normal
Resources
Standard
Victory
Conquest
Starting age
Dark Age
Ending age
Imperial Age
RankedLock teamsTeams togetherTeam positionsShared explorationLock speedFull tech treeHidden civsTurbo modeCheats
Victory
Defeat
🇹🇷 Wu · Türkiye
1363
+14
🇦🇷 Koreans · Argentina
1329
-14
rod_serling
2:01 Loom
10:00 Feudal Age
10:33 Town Watch
17:48 Castle Age
16:05 Horse Collar
16:35 Stone Mining
24:36 Fletching
Diamantidis
2:35 Loom
10:39 Feudal Age
15:55 Castle Age
15:36 Scale Mail Armor
16:22 Double-Bit Axe
17:04 Squires
20:37 Chain Mail Armor
20:12 Arson
Connection lost

Rejoining the realm…

Still unreachable

The connection could not be restored.

Session expired

The server has moved on; the page needs a fresh start.